[Event "*** Titled Tuesday Blitz"]
[Site "Chess.com"]
[Date "2020.10.20"]
[Round "5"]
[White "Ural_bogatyr"]
[Black "chessmadara"]
[Result "0-1"]
[WhiteElo "2363"]
[BlackElo "2166"]
[TimeControl "180+1"]
[EndTime "10:56:44 PDT"]
[Termination "chessmadara won by resignation"]

1. e4 c5 2. Nf3 Nc6 3. d4 cxd4 4.
Nxd4 g6 5. Nc3 Bg7 6. Be3 Nf6 7. Bc4 O-O 8. Nxc6 bxc6 9. O-O Nxe4 10. Nxe4 d5 11. Bd3 dxe4 12. Bxe4 Qc7 13. c3 Be6 14. Qf3 Rab8 15. Rfb1 Be5 16. h3 Rfc8 17. Bc5 Rb5 18. b4 Bf6 19. a4 Rbb8 20. a5 Qe5 21. Bd4 Qg5 22. Bxf6 exf6 23. Bxc6 Rxc6 24. Qxc6 Bd5 25. Qxd5 Qxd5 26. Rd1 Qc4 27. Rac1 Re8 28. Rd4 Qa2 29. c4 Qb2 30. Rdd1 Re2 31. Rf1 Rxf2 32. Rxf2 Qxc1+ 33. Rf1 Qxc4 34. Rb1 Qd4+ 35. Kh1 Qd3 36. Rb2 f5 37. b5 Qa3 38. Rb1 Qxa5 39. Rb3 f4 40. Rb1 f3 41.
gxf3 Qa2 42. Rb4 Qd2 43. Re4 h5 44. Re7 Qf2 0-1

[Event "*** Titled Tuesday Blitz"]
[Site "Chess.com"]
[Date "2020.10.20"]
[Round "5"]
[White "ViditYT"]
[Black "Tooweak2slow03"]
[Result "1/2-1/2"]
[WhiteElo "2924"]
[BlackElo "2785"]
[TimeControl "180+1"]
[EndTime "10:56:47 PDT"]
[Termination "Game drawn by repetition"]

1. d4 e6 2. c4 f5 3. g3 Nf6 4. Bg2 Bb4+ 5. Nd2 O-O 6. Nf3 Qe7 7. O-O Bxd2 8. Bxd2 d6 9. Bc3 Ne4 10. Qc2 Nxc3 11. Qxc3 Nd7 12. c5 dxc5 13. Rac1 cxd4 14. Qxc7 e5 15. Rfd1 Qf6 16. h4 Re8 17. Ng5 h6 18. Bd5+ Kh8 19. Nf7+ Kh7 20. Nd6 Rd8 21.
Nxc8 Raxc8 22. Qxc8 Rxc8 23. Rxc8 e4 24. Bg8+ Kg6 25. Rc7 Qd6 26. Rxb7 Ne5 27. h5+ Kf6 28. Rxa7 d3 29. exd3 exd3 30. Bb3 Qc6 31. Ra4 Nf3+ 32. Kf1 Nh2+ 33. Kg1 Nf3+ 34. Kf1 Nh2+ 35. Kg1 Nf3+ 1/2-1/2

[Event "*** Titled Tuesday Blitz"]
[Site "Chess.com"]
[Date "2020.10.20"]
[Round "5"]
[White "dennisodessa"]
[Black "sopo-tereladze"]
[Result "1-0"]
[WhiteElo "2430"]
[BlackElo "2293"]
[TimeControl "180+1"]
[EndTime "10:56:47 PDT"]
[Termination "dennisodessa won by resignation"]

1. d4 Nf6 2. c4 e6 3. Nc3 Bb4 4. Qc2 O-O 5. a3 Bxc3+ 6. Qxc3 d6 7. Bg5 h6 8. Bh4 Nc6 9. Nf3 Re8 10. e3 e5 11. Be2 exd4 12. Nxd4 Nxd4 13. Qxd4 Re6 14.
O-O Qe8 15. Bxf6 Rxf6 16. Bf3 c6 17. b4 Bf5 18. Rfd1 Qe7 19. b5 c5 20. Qc3 Be4 21. Bxe4 Qxe4 22. Rd5 Re8 23. Rad1 Rg6 24. g3 Ree6 25.
Qd3 Qxd3 26. R1xd3 Kf8 27. f3 b6 28. Kf2 Ke7 29. e4 Kd7 30. Ke3 Kc7 31. f4 f5 32.
Rxf5 Re7 33. e5 Rge6 34. Ke4 g6 35. Rf8 dxe5 36. f5 gxf5+ 37. Rxf5 Kb7 38. g4 a6 39. a4 axb5 40. axb5 Rg6 41. h3 Rg5 42. Rd5 Rxf5 43. gxf5 Kc7 44. f6 Rf7 45. Kf5 e4 46. Kg6 Rf8 47.
Kg7 1-0

[Event "*** Titled Tuesday Blitz"]
[Site "Chess.com"]
[Date "2020.10.20"]
[Round "5"]
[White "doons21"]
[Black "LiamVrolijk"]
[Result "0-1"]
[WhiteElo "2557"]
[BlackElo "2850"]
[TimeControl "180+1"]
[EndTime "10:56:48 PDT"]
[Termination "LiamVrolijk won by resignation"]

1. e4 g6 2. d4 Bg7 3. c3 d6 4.
Nf3 Nf6 5. Nbd2 Nbd7 6. a4 e5 7.
dxe5 dxe5 8. Bc4 O-O 9. O-O a5 10. Qe2 Qe7 11. Rd1 Nc5 12. b3 b6 13. Ba3 Bb7 14.
Qe3 Nfd7 15. Nf1 h6 16. Ng3 Rfd8 17. h4 Kh7 18. h5 Qf6 19. hxg6+ fxg6 20. Bd5 Bxd5 21.
Rxd5 Nxb3 22. Rad1 Ndc5 23. Nxe5 Rxd5 24. Rxd5 c6 25.
Nd7 Qxc3 26. Qxc3 Bxc3 27. Rd6 Rd8 28. Nxc5 Rxd6 29. Nxb3 Rd1+ 30. Kh2 b5 31. axb5 cxb5 32. Ne2 Be5+ 33. f4 Bc7 34. Nbd4 Bxf4+ 35. g3 Be5 36. Nxb5 Rd2 37. Kg2 Rxe2+ 38. Kf3 Rc2 39. Na7 Rc3+ 0-1

[Event "*** Titled Tuesday Blitz"]
[Site "Chess.com"]
[Date "2020.10.20"]
[Round "5"]
[White "PawnEatingZombie"]
[Black "Sacbutt"]
[Result "0-1"]
[WhiteElo "2156"]
[BlackElo "2277"]
[TimeControl "180+1"]
[EndTime "10:56:48 PDT"]
[Termination "Sacbutt won on time"]

1. d4 e5 2. dxe5 Nc6 3. Nf3 Qe7 4. Bf4 Qb4+ 5. Bd2 Qxb2 6. Nc3 Bb4 7. Rb1 Qa3 8. Nd5 Ba5 9. e4 Nge7 10. Bc4 O-O 11. O-O Nxd5 12. exd5 Ne7 13. Bg5 Ng6 14.
h4 Re8 15. Qe2 Bb6 16. h5 Nf8 17. Rb3 Qc5 18. Be3 Qe7 19. Bxb6 axb6 20. Re3 Qc5 21. Bb3 h6 22. Re1 Qb4 23. Qd3 Qg4 24. Re4 Qf5 25. Qe3 d6 26. e6 fxe6 27. dxe6 Re7 28. Nd4 Qf6 29. g4 Kh8 30. Nf5 Re8 31. e7 Nd7 32. g5 Qxg5+ 33. Kh2 Qxh5+ 34. Rh4 Qxf5 0-1

[Event "*** Titled Tuesday Blitz"]
[Site "Chess.com"]
[Date "2020.10.20"]
[Round "5"]
[White "Yoshikrov"]
[Black "Morshynska"]
[Result "1-0"]
[WhiteElo "2127"]
[BlackElo "2234"]
[TimeControl "180+1"]
[EndTime "10:56:49 PDT"]
[Termination "Yoshikrov won on time"]

1. e4 e5 2. Nf3 Nc6 3. d4 exd4 4.
Nxd4 Bc5 5. Nb3 Bb6 6. Nc3 d6 7. Qe2 a5 8. a4 Nb4 9. Nd5 Nxd5 10. exd5+ Qe7 11. Qxe7+ Nxe7 12. Bc4 Bf5 13. Bb5+ c6 14. dxc6 bxc6 15. Bd3 Bxd3 16. cxd3 Nd5 17. O-O Kd7 18.
Bd2 Rhb8 19. Nc1 Bd4 20. Rb1 Bxb2 21. Ne2 Bf6 22. Ng3 Nb4 23. d4 Bxd4 24. Rfd1 Bf6 25. h3 g6 26. Ne4 Be7 27. Bf4 Nd5 28. Bg3 f5 29. Rxb8 Rxb8 30. Nd2 Rb4 31. Ra1 f4 32. Bh2 Nc3 33. g3 fxg3 34. Bxg3 Rxa4 35. Re1 Ra2 36. Nc4 Nd5 37. Rd1 a4 38. Rd3 Ra1+ 39.
Kg2 Bf8 40. h4 Rb1 41. Ra3 Rb4 42. Nd2 Nf4+ 43. Kf3 1-0

[Event "*** Titled Tuesday Blitz"]
[Site "Chess.com"]
[Date "2020.10.20"]
[Round "5"]
[White "rasmussvane"]
[Black "ThePatrick27"]
[Result "1-0"]
[WhiteElo "2893"]
[BlackElo "2558"]
[TimeControl "180+1"]
[EndTime "10:56:50 PDT"]
[Termination "rasmussvane won by resignation"]

1. Nf3 Nf6 2. g3 g6 3. Bg2 Bg7 4. O-O O-O 5. d4 d6 6. Re1 Nc6 7. d5 Nb4 8. Nc3 c5 9. e4 Bg4 10. h3 Bxf3 11. Bxf3 Na6 12. Bg2 Nc7 13. Bf4 Nd7 14.
Qd2 Re8 15. Bh6 Bh8 16. Rad1 b5 17. h4 b4 18. Na4 Ne5 19. b3 Nb5 20. Be3 Ng4 21.
Bh3 Nxe3 22. Qxe3 Nd4 23. Qd3 Qc7 24. f4 e5 25. dxe6 fxe6 26. c3 bxc3 27. Nxc3 Qa5 28. Kh1 Rad8 29. Bg4 Bf6 30. h5 Re7 31. e5 dxe5 32.
fxe5 Bg7 33. hxg6 hxg6 34. Na4 Qc7 35. Qxg6 Qc6+ 36. Kg1 Rf7 37. Nc3 Rdf8 38. Ne4 Nf3+ 39. Bxf3 Rxf3 40. Nf6+ R8xf6 41. exf6 Rxf6 42. Rd8+ Rf8 43.
Qxe6+ Qxe6 44. Rxf8+ Bxf8 45. Rxe6 Kf7 46. Ra6 1-0

[Event "*** Titled Tuesday Blitz"]
[Site "Chess.com"]
[Date "2020.10.20"]
[Round "5"]
[White "jacky72"]
[Black "AlexTriapishko"]
[Result "1-0"]
[WhiteElo "2569"]
[BlackElo "2790"]
[TimeControl "180+1"]
[EndTime "10:56:52 PDT"]
[Termination "jacky72 won by checkmate"]

1. d4 Nf6 2. c4 g6 3. Nc3 Bg7 4. e4 O-O 5. Be2 d6 6. Bg5 h6 7. Be3 c5 8. d5 e6 9. Nf3 exd5 10. cxd5 Ng4 11. Bf4 Qe7 12. O-O a6 13. h3 Ne5 14.
Nxe5 dxe5 15. Be3 Qd6 16. Qd2 f5 17. Bxh6 f4 18. Bxg7 Kxg7 19. Bg4 Bxg4 20. hxg4 f3 21. gxf3 Nd7 22. Kg2 c4 23. Rh1 Rh8 24. Qg5 Nc5 25. Rxh8 Rxh8 26. Rh1 Rxh1 27. Kxh1 Nd3 28. b3 b5 29.
bxc4 bxc4 30. Qe3 Qb4 31. Qa7+ Kh6 32. Qe3+ Nf4 33. Kh2 Qa3 34. Kg3 Qxc3 35. Qxc3 Ne2+ 36. Kh2 Nxc3 37. d6 Ne2 38. d7 c3 39. d8=Q Nd4 40. f4 c2 41. Qh8# 1-0

[Event "*** Titled Tuesday Blitz"]
[Site "Chess.com"]
[Date "2020.10.20"]
[Round "5"]
[White "night_player"]
[Black "Grieve72"]
[Result "1-0"]
[WhiteElo "2305"]
[BlackElo "2439"]
[TimeControl "180+1"]
[EndTime "10:56:53 PDT"]
[Termination "night_player won by checkmate"]

1. e4 c5 2. c3 Nf6 3. e5 Nd5 4. Bc4 e6 5. Nf3 d6 6. exd6 Bxd6 7.
O-O O-O 8. Re1 Nc6 9. d4 Nb6 10. Bb3 cxd4 11. cxd4 Nb4 12. Nc3 Bd7 13. Be3 Bc6 14.
Rc1 Rc8 15. Qe2 N4d5 16. Red1 Qe7 17. Ne5 Nxc3 18. bxc3 Qh4 19. h3 Rfd8 20. Nxc6 Rxc6 21. c4 Ba3 22. Rc2 h6 23. d5 exd5 24. cxd5 Rxc2 25.
Qxc2 Rc8 26. Qd3 Bd6 27. Qb5 Qb4 28. Qe2 Rd8 29. Qf3 Qc3 30. Qg4 Qe5 31. g3 Qf6 32. Bd4 Qe6 33. Qxg7# 1-0

[Event "*** Titled Tuesday Blitz"]
[Site "Chess.com"]
[Date "2020.10.20"]
[Round "5"]
[White "dominikaf"]
[Black "mamonika"]
[Result "1-0"]
[WhiteElo "2231"]
[BlackElo "1986"]
[TimeControl "180+1"]
[EndTime "10:56:53 PDT"]
[Termination "dominikaf won on time"]

1. e4 c5 2. c4 Nc6 3. Nc3 e6 4. g3 Nf6 5. f4 d5 6. cxd5 exd5 7.
e5 Bg4 8. Qb3 Nd4 9. Qa4+ Bd7 10. Qd1 Bg4 11. Be2 Bxe2 12. Ngxe2 Ne4 13. O-O Qd7 14. Kg2 Be7 15. d3 Nxc3 16. bxc3 Nxe2 17. Qxe2 d4 18. c4 Qc6+ 19. Qf3 Qxf3+ 20. Kxf3 Kd7 21. Rb1 Kc6 22. Ke4 f6 23. e6 g6 24. g4 Bd6 25.
h4 Rae8 26. f5 gxf5+ 27. gxf5 Rhg8 28. Bf4 Rg4 29. h5 Reg8 30. Rf3 Rg2 31. Bxd6 Kxd6 32.
Rxb7 R8g4+ 33. Rf4 R4g3 34. Rd7+ Kc6 35. Rf1 Re3+ 36.
Kf4 1-0

[Event "*** Titled Tuesday Blitz"]
[Site "Chess.com"]
[Date "2020.10.20"]
[Round "5"]
[White "ENajer77"]
[Black "harvsp123"]
[Result "0-1"]
[WhiteElo "2692"]
[BlackElo "2472"]
[TimeControl "180+1"]
[EndTime "10:56:54 PDT"]
[Termination "harvsp123 won on time"]

1. e4 g6 2. d4 Bg7 3. Nc3 d6 4. Be3 a6 5. Nf3 b5 6. Bd3 Bb7 7. e5 e6 8. O-O Nd7 9. Be4 Bxe4 10. Nxe4 d5 11. Ned2 c5 12. dxc5 Ne7 13. c3 Qc7 14. a4 O-O 15. b4 Nxe5 16. axb5 axb5 17. Rxa8 Rxa8 18. Nd4 Qd7 19. Qe1 N7c6 20. Qe2 Nc4 21.
Nxc4 bxc4 22. Nxc6 Qxc6 23. Qb2 Qb5 24. Ra1 Rxa1+ 25.
Qxa1 h5 26. Qa5 Qd7 27. b5 d4 28. c6 Qd5 29. c7 dxe3 30. c8=Q+ Kh7 31. Qa1 e2 32.
Qe1 Qd1 0-1

[Event "*** Titled Tuesday Blitz"]
[Site "Chess.com"]
[Date "2020.10.20"]
[Round "5"]
[White "jamalm2"]
[Black "Zemerovv"]
[Result "0-1"]
[WhiteElo "1828"]
[BlackElo "2281"]
[TimeControl "180+1"]
[EndTime "10:56:54 PDT"]
[Termination "Zemerovv won on time"]

1. e4 g6 2. d4 Bg7 3. Nc3 d6 4. f4 Nd7 5. Nf3 e6 6. Be3 Ne7 7. Bd3 f5 8. e5 O-O 9. O-O Nb6 10. Kh1 Nbd5 11. Nxd5 Nxd5 12. Bd2 dxe5 13. fxe5 h6 14.
c4 Nb6 15. Be3 c6 16. Qd2 g5 17. Rad1 Bd7 18. b3 Be8 19. Bb1 Bh5 20. d5 cxd5 21.
Bxb6 axb6 22. cxd5 Qxd5 23. Qxd5 exd5 24. Rxd5 Rfd8 25. Rxd8+ Rxd8 26. Bxf5 Bxf3 27. gxf3 Bxe5 28. Kg2 Rd2+ 29. Rf2 Rxf2+ 30. Kxf2 Bxh2 31. Be4 b5 32. Bxb7 b4 33. Kg2 Be5 34. Be4 Kg7 35. Kh3 Bf4 36. Kg4 Kf6 37. Kh5 Ke5 38. Bc6 Kd4 39. Bd7 Kc3 40. Bg4 Kb2 41. Be6 Kxa2 42. Kg4 Kb2 43.
Kh5 Kc3 44. Bd5 Kd4 45. Bb7 Ke3 46.
Bd5 Kd3 47. Bb7 Bc1 48. Bd5 Kd4 49. Bf7 Ke5 50. Bg8 Kf4 51. Bd5 Be3 52. Bb7 Ke5 53.
Bc6 Kd4 54. Bb7 Kc3 55. Bd5 Kd3 56. Bf7 Kd4 57. Bg8 Bf4 0-1

[Event "*** Titled Tuesday Blitz"]
[Site "Chess.com"]
[Date "2020.10.20"]
[Round "5"]
[White "Khnykin_Nikolay"]
[Black "gliglu"]
[Result "0-1"]
[WhiteElo "2063"]
[BlackElo "2331"]
[TimeControl "180+1"]
[EndTime "10:56:55 PDT"]
[Termination "gliglu won by checkmate"]

1. e4 c6 2. d4 d5 3. Bd3 dxe4 4.
Bxe4 Nf6 5. Bf3 Bf5 6. Ne2 e6 7. O-O Be7 8. Nbc3 O-O 9. Bg5 h6 10. Bh4 Nbd7 11. Nf4 Nd5 12. Bxe7 Qxe7 13. Ncxd5 cxd5 14. Re1 Qd6 15. g3 Rac8 16. Rc1 b5 17. b3 a5 18. c4 bxc4 19. bxc4 dxc4 20. Qa4 Qxd4 21. Red1 Nb6 22. Qxa5 Qc5 23. Qxc5 Rxc5 24. Rc3 Na4 25.
Ra3 Nb2 26. Rc1 Rd8 27. Rac3 Rd2 28. Kg2 Ra5 29. a3 g5 30. Nh5 Bg6 31. Nf6+ Kg7 32.
Ne8+ Kf8 33. Nf6 Nd3 34. Rb1 Rxf2+ 35. Kg1 Rxf3 36. Rb8+ Ke7 37. Ng8+ Kd6 38. Rxc4 Ne5 39. Rd8+ Nd7 40. Rd4+ Rd5 41. Rb4 Bd3 42. Kg2 Re3 43.
Nxh6 Re2+ 44. Kf3 Ke7 45. Ra8 Ne5# 0-1

[Event "*** Titled Tuesday Blitz"]
[Site "Chess.com"]
[Date "2020.10.20"]
[Round "5"]
[White "VladimirBugayev"]
[Black "MIJuanReyesRosa"]
[Result "0-1"]
[WhiteElo "2317"]
[BlackElo "2104"]
[TimeControl "180+1"]
[EndTime "10:56:55 PDT"]
[Termination "MIJuanReyesRosa won on time"]

1. e4 c5 2. Nc3 a6 3. g3 b5 4. Bg2 Bb7 5. Nge2 e6 6. O-O d6 7. d4 cxd4 8. Nxd4 Qc7 9. Be3 Nf6 10. Qd3 Be7 11. f4 Nbd7 12. f5 Nc5 13. Qe2 e5 14. Nb3 Ncxe4 15. Nxe4 Nxe4 16. Qg4 h5 17. Qe2 Nf6 18.
Rad1 Ng4 19. h3 Nxe3 20. Qxe3 Bxg2 21. Kxg2 Qxc2+ 22. Rd2 Qc6+ 23. Kg1 h4 24. Rc1 Qd7 25. g4 O-O 26. Nc5 Qa7 0-1

[Event "*** Titled Tuesday Blitz"]
[Site "Chess.com"]
[Date "2020.10.20"]
[Round "5"]
[White "VitaliyBernadskiy"]
[Black "Chernobay_Artem"]
[Result "0-1"]
[WhiteElo "2774"]
[BlackElo "2590"]
[TimeControl "180+1"]
[EndTime "10:56:57 PDT"]
[Termination "Chernobay_Artem won by resignation"]

1. e4 c5 2. Nc3 Nc6 3. Nf3 g6 4.
d4 cxd4 5. Nxd4 Bg7 6. Be3 Nf6 7. Bc4 O-O 8. Bb3 d6 9. h3 a6 10. O-O Nxd4 11. Bxd4 b5 12. a4 Bb7 13. Nd5 Nxe4 14. Bxg7 Kxg7 15. axb5 axb5 16. Rxa8 Bxa8 17. Qd4+ Nf6 18.
Nxf6 exf6 19. Rd1 Re8 20. f3 Re5 21. Kf2 d5 22. Qc5 Qe8 23. Rd2 Bc6 24. Qd4 h5 25. h4 Qe7 26. c3 Re1 27. Bd1 Rh1 28.
Be2 Qe5 29. Qc5 Qh2 30. Rd1 Qxh4+ 31. Ke3 Rxd1 32. Bxd1 Qe1+ 33. Be2 Qg1+ 0-1

[Event "*** Titled Tuesday Blitz"]
[Site "Chess.com"]
[Date "2020.10.20"]
[Round "5"]
[White "Triumphmate"]
[Black "kidagent"]
[Result "1-0"]
[WhiteElo "2432"]
[BlackElo "2292"]
[TimeControl "180+1"]
[EndTime "10:56:57 PDT"]
[Termination "Triumphmate won on time"]

1. e4 c5 2. Nf3 d6 3. d4 cxd4 4. Nxd4 Nf6 5. Nc3 a6 6. f4 e6 7. Nf3 Be7 8. Bd3 Nc6 9. O-O O-O 10. Kh1 b5 11. a3 Bb7 12. Qe1 Rc8 13. Bd2 Nd7 14. Qg3 Re8 15. Rae1 Nf8 16. Qh3 Bf6 17. e5 dxe5 18. fxe5 Be7 19. Ne4 Nd4 20. Nfg5 Nf5 21. Rxf5 exf5 22. Qxf5 Qd5 23. Re2 Rc6 24. Nxh7 Nxh7 25. Nc3 g6 26. Qh3 Qe6 27. Qh6 Bf8 28. Qh4 Rc5 29. Bf4 a5 30. Bxb5 Rxb5 31. Nxb5 Rd8 32.
h3 1-0

[Event "*** Titled Tuesday Blitz"]
[Site "Chess.com"]
[Date "2020.10.20"]
[Round "5"]
[White "ChainsOfFantasia"]
[Black "W_Amadeus"]
[Result "0-1"]
[WhiteElo "2483"]
[BlackElo "2729"]
[TimeControl "180+1"]
[EndTime "10:56:58 PDT"]
[Termination "W_Amadeus won by resignation"]

1. d4 Nf6 2. c4 e6 3. Nf3 d5 4.
Nc3 dxc4 5. e4 Bb4 6. Bxc4 Nxe4 7. O-O Nf6 8. Bg5 O-O 9. a3 Be7 10. Re1 b6 11. Ne5 Bb7 12. Qd3 Nc6 13. Rad1 Na5 14.
Ba2 c5 15. Qe3 c4 16. Qg3 Nd5 17. Bxe7 Qxe7 18. Nxd5 Bxd5 19. Bb1 Rac8 20. Re3 Nc6 21. Qf4 Rfd8 22. Rh3 f5 23. Re1 Nxe5 24. dxe5 h6 25. g4 fxg4 26. Qxg4 Qg5 27. Qxg5 hxg5 28. Rg3 Rf8 29.
Rxg5 c3 30. bxc3 Rxc3 31. Re3 Rc1+ 0-1

[Event "*** Titled Tuesday Blitz"]
[Site "Chess.com"]
[Date "2020.10.20"]
[Round "5"]
[White "Korchmar_Vasiliy"]
[Black "AsaHoffmann"]
[Result "1-0"]
[WhiteElo "2602"]
[BlackElo "2391"]
[TimeControl "180+1"]
[EndTime "10:56:58 PDT"]
[Termination "Korchmar_Vasiliy won by checkmate"]

1. e4 d6 2. d4 Nf6 3. Nc3 c6 4. f3 Nbd7 5. Be3 e5 6. Nge2 Be7 7. Qd2 b5 8. g4 Nb6 9. Ng3 g6 10. O-O-O h5 11. h3 h4 12. Nf5 gxf5 13. exf5 Nh7 14. dxe5 dxe5 15. Qf2 Qc7 16. Ne4 Nf6 17. g5 Nfd5 18.
f6 Bf8 19. Bc5 Be6 20. Bxf8 Kxf8 21. Qc5+ Kg8 22. Rg1 Bf5 23. Bd3 Na4 24. Qf2 Nf4 25. Nc5 Nxh3 26. Qe3 Bxd3 27. Nxd3 Nxg1 28. Rxg1 Qb6 29.
Qe1 Kf8 30. g6 fxg6 31. Nxe5 Rg8 32. Nd7+ Kf7 33. Qe7# 1-0

[Event "*** Titled Tuesday Blitz"]
[Site "Chess.com"]
[Date "2020.10.20"]
[Round "5"]
[White "Kaslask"]
[Black "teacher4chess"]
[Result "1-0"]
[WhiteElo "2300"]
[BlackElo "2038"]
[TimeControl "180+1"]
[EndTime "10:56:59 PDT"]
[Termination "Kaslask won by checkmate"]

1. d4 d5 2. c4 e6 3. Nc3 Be7 4. cxd5 exd5 5. Bf4 Nf6 6. e3 Bf5 7. h3 O-O 8. g4 Be4 9. Nxe4 dxe4 10. Be2 Bb4+ 11.
Kf1 Nd5 12. Bg3 Bd6 13. Qb3 Bxg3 14. fxg3 Nc6 15. Re1 Qd6 16. Kg2 b6 17. Bb5 Na5 18. Qc2 c6 19. Bf1 Rae8 20. a3 f5 21. b4 Nb7 22. Bc4 Kh8 23. Bxd5 cxd5 24. Ne2 fxg4 25. hxg4 Rf3 26. Nf4 g5 27. Rh5 gxf4 28. Reh1 Rxg3+ 29. Kf1 Re7 30. Qc8+ Nd8 31. Qf5 Rf3+ 32. Kg1 Qd7 33. Qf8# 1-0

[Event "*** Titled Tuesday Blitz"]
[Site "Chess.com"]
[Date "2020.10.20"]
[Round "5"]
[White "AliKa2810"]
[Black "platy3"]
[Result "0-1"]
[WhiteElo "2601"]
[BlackElo "2820"]
[TimeControl "180+1"]
[EndTime "10:57:00 PDT"]
[Termination "platy3 won by resignation"]

1. d4 Nf6 2. c4 e6 3. Nf3 d5 4. Nc3 Nbd7 5. Bf4 dxc4 6. e3 Bd6 7. Bxd6 cxd6 8. Bxc4 O-O 9. O-O a6 10. Rc1 b5 11. Bd3 Bb7 12. Qe2 Rc8 13. a3 e5 14.
dxe5 dxe5 15. Ng5 Nc5 16. Bf5 Rc7 17. b4 Ncd7 18. Rfd1 Qe7 19. Nce4 Rxc1 20. Rxc1 h6 21.
Rc7 Ba8 22. Nc5 hxg5 23. Bxd7 Qd6 24. Ra7 Rd8 25. Rxa6 Qd5 26. e4 Nxe4 27. Nxe4 Qxe4 28. Qxe4 Bxe4 29. Bg4 Rd2 30. f3 Bd3 31. Rd6 Rd1+ 32.
Kf2 Rf1+ 33. Ke3 Bc4 34. Bd7 g6 35. Rd2 f5 36. g3 Kf7 37. Bc6 Ke6 38. a4 f4+ 39. gxf4 gxf4+ 40. Ke4 Re1+ 0-1

[Event "*** Titled Tuesday Blitz"]
[Site "Chess.com"]
[Date "2020.10.20"]
[Round "5"]
[White "brunomorado"]
[Black "Boundless_Strike"]
[Result "0-1"]
[WhiteElo "2317"]
[BlackElo "2506"]
[TimeControl "180+1"]
[EndTime "10:57:00 PDT"]
[Termination "Boundless_Strike won on time"]

1. d4 Nf6 2. Nc3 g6 3. e4 Bg7 4. e5 Ng8 5. Bc4 e6 6. Qf3 Ne7 7. Ne4 d5 8. Bb5+ Bd7 9. Nf6+ Bxf6 10. Qxf6 Rg8 11. Bd3 Nf5 12. Qxd8+ Kxd8 13. Nf3 h5 14. Bg5+ Ke8 15. h3 b6 16. g4 Ng7 17. O-O-O c5 18. c3 Nc6 19. Bb5 a6 20. Ba4 Nxe5 21. Nxe5 Bxa4 22.
Rdf1 cxd4 23. b3 Bb5 24. cxd4 Rc8+ 25. Kd2 Bxf1 26. Rxf1 Rc7 27. Bf6 Kf8 28. Bd8 Rb7 29. Bxb6 Ne8 30. Bd8 f6 31. Nd3 Kf7 32. Nc5 Rb8 33.
Ba5 Nd6 34. Bc7 Nb5 35. Bxb8 Rxb8 36. Kd3 e5 37. dxe5 fxe5 38. Nd7 e4+ 39. Kd2 Rd8 40. Ne5+ Kf6 41. f4 hxg4 42. hxg4 Rc8 43. Rh1 d4 44. Rh7 e3+ 45. Kd3 Rc3+ 0-1

[Event "*** Titled Tuesday Blitz"]
[Site "Chess.com"]
[Date "2020.10.20"]
[Round "5"]
[White "Makswolf200817"]
[Black "PavelShkapenko"]
[Result "0-1"]
[WhiteElo "2450"]
[BlackElo "2708"]
[TimeControl "180+1"]
[EndTime "10:57:01 PDT"]
[Termination "PavelShkapenko won by resignation"]

1. d4 Nf6 2. c4 e6 3. g3 Bb4+ 4. Bd2 Qe7 5. Nf3 Nc6 6. Bg2 Bxd2+ 7. Nbxd2 d6 8. O-O a5 9. e4 e5 10. d5 Nb8 11. Nh4 O-O 12. Qe2 Na6 13. Nf5 Bxf5 14.
exf5 Rfe8 15. g4 h6 16. Rae1 Nc5 17. f4 Nfd7 18. b3 Qf6 19. Ne4 Nxe4 20. Qxe4 exf4 21. Qxf4 Nc5 22. Qg3 Qd4+ 23. Kh1 Nd3 24. Rxe8+ Rxe8 25. f6 g5 26. h4 Nf4 27. Re1 Rxe1+ 28. Qxe1 Qxf6 29. Qe8+ Kg7 30. h5 Qb2 31. Bf3 Qa1+ 32. Kh2 Qxa2+ 33. Kg3 Qa1 34. Qe3 Kf6 35. c5 Qe5 36.
Qxe5+ Kxe5 37. c6 b5 0-1

[Event "*** Titled Tuesday Blitz"]
[Site "Chess.com"]
[Date "2020.10.20"]
[Round "5"]
[White "infinitegiantkiller"]
[Black "Artyom_ChessMate"]
[Result "1-0"]
[WhiteElo "2362"]
[BlackElo "2500"]
[TimeControl "180+1"]
[EndTime "10:57:02 PDT"]
[Termination "infinitegiantkiller won by checkmate"]

1. d4 d5 2. c4 e6 3. Nc3 Nf6 4. Nf3 c5 5. e3 Nc6 6. a3 Ne4 7.
cxd5 exd5 8. Bd3 Nxc3 9. bxc3 Be7 10. O-O O-O 11. Qc2 g6 12. Ne5 Nxe5 13. dxe5 c4 14. Be2 Bf5 15. Qb2 a6 16. f4 b5 17. Bf3 Be4 18. Qf2 Qb6 19. Rd1 Bc5 20. a4 b4 21. cxb4 Bxb4 22. Ba3 a5 23. Bxe4 dxe4 24. Qc2 Qc5 25. Bxb4 axb4 26. Rd4 Rfc8 27. Kf2 b3 28. Qxe4 b2 29. Rb1 Ra6 30. Rxb2 c3 31. Rc2 Rb6 32.
Kf3 Rcc6 33. Rd5 Qa3 34. Rd8+ Kg7 35. Qd4 Rb4 36. Qd7 Rcb6 37. Qe7 Re6 38. Qf8# 1-0

[Event "*** Titled Tuesday Blitz"]
[Site "Chess.com"]
[Date "2020.10.20"]
[Round "5"]
[White "Oglob71"]
[Black "GMJustin"]
[Result "0-1"]
[WhiteElo "2437"]
[BlackElo "2282"]
[TimeControl "180+1"]
[EndTime "10:57:03 PDT"]
[Termination "GMJustin won by resignation"]

1. d4 d5 2. c4 dxc4 3. Nf3 a6 4.
a4 Nc6 5. e3 e5 6. Bxc4 Bb4+ 7.
Nc3 exd4 8. exd4 Nf6 9. O-O O-O 10. Bg5 h6 11. Bh4 Bg4 12. Nd5 g5 13. Nxb4 Nxb4 14. Bg3 Ne4 15. Be5 Nc6 16. h3 Nxe5 17. dxe5 Bxf3 18.
gxf3 Nd2 19. Be2 Nxf1 20. Qxf1 Qd4 21. Re1 Qxe5 22. Bd3 Qf4 23. Qe2 Rfe8 24. Be4 f5 25. Qc4+ Kg7 26. Rd1 fxe4 27. Rd7+ Kg6 28. Qd4 Qf6 29. Qd5 Rad8 30. fxe4 Rxd7 31. Qxd7 Re7 32. Qd5 Qe5 33. Qg8+ Rg7 34. Qc4 Qf4 35. Qd3 Rf7 36.
e5+ Qf5 37. Qe3 Re7 38. e6 Rxe6 39. Qc3 Qe5 40. Qc2+ Qe4 41. Qxc7 Qe1+ 42. Kg2 Qe4+ 43.
Kg1 Rf6 44. Qc5 Qe1+ 45. Kg2 Qxf2+ 46. Qxf2 Rxf2+ 47. Kxf2 a5 48. Kf3 h5 49. Ke4 Kf6 50. b3 Ke6 51. Kd4 g4 52. hxg4 hxg4 53. Ke4 Kd6 54.
Kf4 Kc5 55. Kxg4 Kb4 56. Kf3 Kxb3 57. Ke2 Kxa4 58. Kd2 b5 59. Kc1 b4 60. Kb2 b3 61.
Kb1 Ka3 62. Ka1 a4 63. Kb1 b2 64. Kc2 Ka2 0-1

[Event "*** Titled Tuesday Blitz"]
[Site "Chess.com"]
[Date "2020.10.20"]
[Round "5"]
[White "GMBenjaminBok"]
[Black "Margency"]
[Result "0-1"]
[WhiteElo "2919"]
[BlackElo "2696"]
[TimeControl "180+1"]
[EndTime "10:57:04 PDT"]
[Termination "Margency won by resignation"]

1. d4 Nf6 2. c4 e6 3. Nf3 d5 4. Nc3 c5 5. cxd5 Nxd5 6. e4 Nxc3 7.
bxc3 cxd4 8. cxd4 Bb4+ 9. Bd2 Bxd2+ 10. Qxd2 O-O 11. Bc4 Nd7 12. O-O b6 13. Rad1 Bb7 14. Rfe1 Rc8 15. Bb3 Nf6 16. Qf4 Qc7 17. Qh4 h6 18.
Ne5 a5 19. Rd3 Rfd8 20. h3 b5 21. Rg3 Kf8 22. Ng4 Nxe4 23. Rge3 Qf4 24. g3 Qg5 25. Rxe4 Bxe4 26. Rxe4 Qxh4 27. gxh4 a4 28. Bd1 Rc1 29. Ne3 f5 30. Rxe6 f4 31. Kg2 fxe3 32. Bh5 exf2 33. Kxf2 Rc2+ 34. Ke3 Rxa2 35. d5 Ra1 36. Kd4 a3 37.
Ra6 b4 38. Kc4 Rb1 39. d6 Rb2 40. d7 a2 41. Re6 g6 42. Bxg6 Rxd7 43. Re8+ Kg7 44. h5 0-1

[Event "*** Titled Tuesday Blitz"]
[Site "Chess.com"]
[Date "2020.10.20"]
[Round "5"]
[White "djano"]
[Black "barbara25"]
[Result "1-0"]
[WhiteElo "2461"]
[BlackElo "2276"]
[TimeControl "180+1"]
[EndTime "10:57:04 PDT"]
[Termination "djano won by resignation"]

1. Nf3 Nf6 2. g3 e6 3. Bg2 d5 4.
O-O c5 5. d3 Nc6 6. Nbd2 Qc7 7.
e4 Bd6 8. Re1 b6 9. exd5 Nxd5 10. Nc4 O-O 11. Ng5 Be7 12. Qh5 Bxg5 13. Qxg5 Bb7 14. c3 Rad8 15. Be4 Nf6 16. Bf4 Nxe4 17. dxe4 Qe7 18. Qh5 b5 19. Ne3 f6 20. Ng4 Qf7 21.
Qxc5 e5 22. Bc1 Qe7 23. Be3 Qd7 24. f3 h5 25. Nf2 h4 26. Rad1 Qf7 27. Qxb5 hxg3 28.
hxg3 Rxd1 29. Rxd1 Ba8 30. Qb3 Qxb3 31. axb3 Na5 32. Bxa7 Nxb3 33. Rd7 Nc1 34. Kg2 Rc8 35.
Be3 Nb3 36. Ra7 Na1 37. Rxa1 1-0